 Dungeon Crawl Stone Soup version 0.31.0-9-g3a7656b989 (webtiles) character file.

Game seed: 6402650323621836999

46 qw the Shooter (level 3, 0/20 HPs)
             Began as a Deep Elf Hunter on Feb 2, 2024.
             Slain by a goblin
             ... wielding a +0 club
             ... led by Robin
              (4 damage)
             ... on level 2 of the Dungeon.
             The game lasted 00:00:03 (734 turns).

qw the Shooter (Deep Elf Hunter)                     Turns: 734, Time: 00:00:04

Health: 0/20       AC:  6    Str: 10    XL:     3   Next: 46%
Magic:  5/5        EV: 11    Int: 13    God:
Gold:   94         SH:  0    Dex: 18    Spells: 2/2 levels left

rFire   . . .        a - +0 shortbow
rCold   . . .        (shield currently unavailable)
rNeg    + . .        e - +0 ring mail
rPois   .            k - +0 helmet
rElec   .            (no cloak)
rCorr   .            (no gloves)
SInv    .            (no boots)
Will    .....        (no amulet)
Stlth   +            i - ring of positive energy
HPRegen 0.23/turn    (no ring)
MPRegen 0.09/turn

%: no passive effects
@: no status effects
A: no striking features
a: no special abilities


You were on level 2 of the Dungeon.
You visited 1 branch of the dungeon, and saw 2 of its levels.

You collected 94 gold pieces.


   Skills:
 - Level 1.5 Fighting
 + Level 7.0 Ranged Weapons
 - Level 2.4 Dodging
 - Level 1.2 Stealth


You had 2 spell levels left.
You didn't know any spells.
Your spell library was empty.

Inventory:

Hand Weapons
 a - a +0 shortbow (weapon)
Armour
 e - a +0 ring mail (worn)
 k - a +0 helmet (worn)
Jewellery
 i - a ring of positive energy (left hand)
Scrolls
 b - 2 scrolls of teleportation {unknown}
Potions
 c - a potion of mutation {unknown}
 d - a potion of enlightenment {unknown}

Dungeon Overview and Level Annotations

Branches:
Dungeon (2/15)

Altars:

Annotations:
D:2 Robin


Message History

Robin throws the goblin at you! The goblin closely misses you.
A goblin comes into view. It is wielding a +0 dagger.
The goblin misses you.
A goblin comes into view. It is wielding a +0 dagger.
Your Ranged Weapons skill increases to level 7!
You shoot an arrow. The arrow hits the goblin!
You kill the goblin!
726 ||| FLEEEEING.
Robin throws the goblin at you!
You shoot an arrow. The arrow closely misses the goblin.
The goblin hits you but does no damage.
You shoot an arrow. The arrow hits the goblin.
The goblin is heavily wounded.
The goblin closely misses you. The goblin barely misses you.
You shoot an arrow. The arrow barely misses the goblin.
The goblin hits you but does no damage. The goblin misses you.
The hobgoblin barely misses you.
You shoot an arrow. The arrow closely misses the goblin.
The arrow hits Robin.
Robin is lightly wounded.
The goblin barely misses you. Robin throws the goblin at you!
The goblin misses you. The hobgoblin barely misses you.
The goblin hits you with a +0 dagger. The goblin closely misses you.
The hobgoblin hits you. The goblin hits you with a +0 club.
You shoot an arrow. The arrow hits the goblin!
You kill the goblin!
The goblin hits you but does no damage. The goblin closely misses you. x2
The hobgoblin closely misses you.
You shoot an arrow. The arrow misses the goblin.
The goblin barely misses you. The goblin closely misses you.
Robin hits you from afar with a +0 spear.
The hobgoblin hits you. The goblin barely misses you.
You shoot an arrow. The arrow closely misses the goblin.
The goblin closely misses you. The goblin hits you with a +0 dagger.
Robin hits you but does no damage. The hobgoblin barely misses you.
The goblin barely misses you.
You shoot an arrow. The arrow closely misses the goblin.
The goblin closely misses you. The goblin barely misses you.
Robin closely misses you. The hobgoblin barely misses you.
The goblin barely misses you. The goblin hits you with a +0 club.
You die...

|.... .. .. .....(. .)
...#=##.# #.......#
####.......# #.......)..#
########.....)g...#
###..........gg))..##
.............g@g....#
###...............###
..................#####+
..................##...
..................##.#
..........#....(.....#
..........#..........#
.........(#..........######
.........#...............#


You could see Robin, a hobgoblin (strong) and 3 goblins.

Vanquished Creatures
  A gnoll (D:1)
  A dart slug (D:1)
  A bat (D:1)
  4 endoplasms
  2 giant cockroaches (D:1)
  9 goblins
  5 hobgoblins (D:1)
  A quokka (D:1)
  A ball python (D:1)
  3 frilled lizards (D:1)
  A kobold (D:1)
  2 rats (D:1)
31 creatures vanquished.

Notes
Turn   | Place    | Note
-------+----------+-------------------------------------------
     0 | D:1      | qw the Deep Elf Hunter began the quest for the Orb.
     0 | D:1      | Reached XP level 1. HP: 12/12 MP: 3/3
     0 | D:1      | 0 ||| qw: Version: 0.3-a-155-g5e7d8dd
     0 | D:1      | 0 ||| qw: Game counter: 2513
     0 | D:1      | 0 ||| qw: Melee chars always use a shield: true
     0 | D:1      | 0 ||| qw: God list: Okawaru
     0 | D:1      | 0 ||| qw: Allow faded altars: false
     0 | D:1      | 0 ||| qw: Do Orc after clearing Dungeon:15 true
     0 | D:1      | 0 ||| qw: Do second Lair branch before Depths: true
     0 | D:1      | 0 ||| qw: Lair rune preference: random
     0 | D:1      | 0 ||| qw: Goals: Normal
     0 | D:1      | 0 ||| PLANNING D:1-11
    97 | D:1      | Reached XP level 2. HP: 16/16 MP: 4/4
   109 | D:1      | Reached skill level 6 in Ranged Weapons
   348 | D:1      | HP: 4/16 [kobold/+1 short sword of freezing (1)]
   481 | D:1      | Reached XP level 3. HP: 20/20 MP: 5/5
   611 | D:1      | 611 ||| UPGRADING to +0 ring mail.
   621 | D:1      | 621 ||| DROPPING +0 leather armour.
   622 | D:1      | 622 ||| UPGRADING to +0 helmet.
   627 | D:1      | 627 ||| UPGRADING to ring of positive energy.
   628 | D:1      | 628 ||| READING scroll labelled SAOLAASINN.
   629 | D:1      | 629 ||| READING scroll labelled DOPNEPL PAKHE.
   630 | D:1      | 630 ||| READING scroll labelled WICKUA PEYHEREMP.
   631 | D:1      | 631 ||| READING scroll labelled TEJAPL CIMAZA.
   632 | D:1      | 632 ||| DROPPING scroll of butterflies.
   719 | D:2      | Noticed Robin
   725 | D:2      | Reached skill level 7 in Ranged Weapons
   726 | D:2      | 726 ||| FLEEEEING.
   733 | D:2      | HP: 4/20 [goblin/+0 dagger[Robin] (2)]
   734 | D:2      | Slain by a goblin

Levels and vault maps discovered:
D:1:      dpeg_arrival_three_same_balls, layout_basic
D:2:      layout_basic, nicolae_ecumenical_lake_church, st_stairs_8,
          minivault_25, kennysheep_generic_room_12, uniq_robin

Skill      XL: |  1  2  3 |
---------------+----------+-----
Ranged Weapons | 6 7 |  7.0
Fighting       | |  1.5
Dodging        | |  2.4
Stealth        | |  1.2

Action                     || total
---------------------------++-------
   Fire: Shortbow          ||    99
    Use: Scroll            ||     4
 Armour: Leather armour    ||    10
         Ring mail         ||    16
  Dodge: Dodged            ||    39

Table legend:
 A = Non-vault XP
 B = Vault XP
 C = Vault XP percentage of total XP
 D = Non-vault monster count
 E = Vault monster count
 F = Vault count percentage of total count
                 A         B        C        D         E       F
            +---------+---------+-------+---------+---------+-------
      Total |      55 |      12 |  17.9 |      24 |       7 |  22.6
            +---------+---------+-------+---------+---------+-------
        D:1 |      53 |       0 |   0.0 |      23 |       0 |   0.0
        D:2 |       2 |      12 |  85.7 |       1 |       7 |  87.5
            +---------+---------+-------+---------+---------+-------
